| TOP OF THE 1ST |
|
Staten Island Yankees batting - Pitching for Hudson Valley Renegades : RHP Adam Householder
|
|
Pitching: RHP Adam Householder
|
|
|
Batting: RHB Norimoto Miyanishi
|
0-0: Called Strike 0-1: Foul Ball, location: 2F 0-2: Foul Ball, location: 2F 0-2: Ball 1-2: Ground out 6-3 (Groundball, 6S, EV 76.9 MPH)
|
|
Batting: LHB Dario Segura
|
0-0: Ball 1-0: DOUBLE (Line Drive, 78XD, EV 109.4 MPH)
|
|
Batting: SHB Tadaaki Kondo
|
0-0: Called Strike 0-1: Ball 1-1: Swinging Strike 1-2: Strikes out swinging
|
|
Batting: RHB Jon Pierce
|
0-0: Ball 1-0: Ball 2-0: Ball 3-0: Called Strike 3-1: Foul Ball, location: 2F 3-2: Hit by Pitch
|
|
Batting: SHB Adam Slade
|
0-0: Ball 1-0: DOUBLE (Groundball, 3L, EV 103.1 MPH) Dario Segura scores Jon Pierce to third
|
|
Batting: RHB Matt Thompson
|
0-0: Ball 1-0: Swinging Strike 1-1: Ball 2-1: Called Strike 2-2: Foul Ball, location: 2F 2-2: Foul Ball, location: 2F 2-2: Foul Ball, location: 2F 2-2: Ball 3-2: Base on Balls
|
|
Batting: RHB Jesus Ruiz
|
0-0: Ball 1-0: Swinging Strike 1-1: Fly out, F3 (Line Drive, 34, EV 70.6 MPH)
|
| Top of the 1st over - 1 run, 2 hits, 0 errors, 3 left on base; Staten Island 1 - Hudson Valley 0 |
| BOTTOM OF THE 1ST |
|
Hudson Valley Renegades batting - Pitching for Staten Island Yankees : RHP Ben Cunningham
|
|
Pitching: RHP Ben Cunningham
|
|
|
Batting: SHB Chris Lockart
|
0-0: Swinging Strike 0-1: Foul Ball, location: 2F 0-2: Ball 1-2: Ball 2-2: Strikes out swinging
|
|
Batting: SHB Josif Popovski
|
0-0: Fly out, F7 (Flyball, 7S, EV 78.1 MPH)
|
|
Batting: LHB Jonathan Spino
|
0-0: Ball 1-0: Ground out 4-3 (Groundball, 4, EV 97.5 MPH)
|
| Bottom of the 1st over - 0 runs, 0 hits, 0 errors, 0 left on base; Staten Island 1 - Hudson Valley 0 |
| TOP OF THE 2ND |
|
Staten Island Yankees batting - Pitching for Hudson Valley Renegades : RHP Adam Householder
|
|
Batting: RHB Daniel Underhay
|
0-0: Ball 1-0: Ball 2-0: Foul Ball, location: 2F 2-1: Ball 3-1: Base on Balls
|
|
Batting: LHB Danny de Leon
|
0-0: Ball 1-0: Called Strike 1-1: SINGLE (Line Drive, 78S, EV 98.1 MPH) Daniel Underhay to second
|
|
Batting: RHB Norimoto Miyanishi
|
0-0: Ball 1-0: Called Strike 1-1: Ball 2-1: Swinging Strike 2-2: Fly out, F3 (Line Drive, 3L, EV 76.9 MPH) Lined into DP, U3 (Line Drive, 3L, EV 73.1 MPH)
|
|
Batting: LHB Dario Segura
|
0-0: Called Strike 0-1: Foul Ball, location: 2F 0-2: Ball 1-2: Foul Ball, location: 2F 1-2: Strikes out swinging
|
| Top of the 2nd over - 0 runs, 1 hit, 0 errors, 1 left on base; Staten Island 1 - Hudson Valley 0 |
| BOTTOM OF THE 2ND |
|
Hudson Valley Renegades batting - Pitching for Staten Island Yankees : RHP Ben Cunningham
|
|
Batting: LHB Helmut Steggall
|
0-0: Ball 1-0: Ball 2-0: Foul Ball, location: 2F 2-1: Foul Ball, location: 2F 2-2: Strikes out swinging
|
|
Batting: RHB Jon Gonzales
|
0-0: Ball 1-0: Called Strike 1-1: SINGLE (Groundball, 56D, EV 95.0 MPH)
|
|
Batting: RHB Alex Koral
|
0-0: Ball 1-0: Ball 2-0: Called Strike 2-1: Foul Ball, location: 2F 2-2: Ball 3-2: DOUBLE (Flyball, 89XD, EV 116.2 MPH) Jon Gonzales to third Runner from 3rd tries for Home, SAFE, throw by CF to trailing runner, SAFE at third!
|
|
Batting: SHB Joshua Jackson
|
0-0: Ball 1-0: Foul Ball, location: 2F 1-1: 2-RUN HOME RUN (Flyball, 9D, EV 95.6 MPH), Distance : 368 ft
|
|
Batting: RHB Joe Hartigan
|
0-0: Reached via error on a dropped throw from 1B, E1 (Groundball, 34, EV 93.1 MPH)
|
|
Batting: RHB Evan Chalarian
|
0-0: Called Strike 0-1: Ball 1-1: Called Strike 1-2: Ball 2-2: Foul Ball, location: 2F 2-2: Fielders Choice at 2nd, 1-6 (Groundball, 13, EV 71.9 MPH)
|
|
Batting: SHB Chris Lockart
|
0-0: Called Strike 0-1: Ball 1-1: Ground out 4-3 (Groundball, 4, EV 96.9 MPH)
|
| Bottom of the 2nd over - 3 runs, 3 hits, 1 error, 1 left on base; Staten Island 1 - Hudson Valley 3 |
| TOP OF THE 3RD |
|
Staten Island Yankees batting - Pitching for Hudson Valley Renegades : RHP Adam Householder
|
|
Batting: SHB Tadaaki Kondo
|
0-0: Foul Ball, location: 2F 0-1: Ball 1-1: Ball 2-1: Ball 3-1: Fly out, F8 (Line Drive, 8LM, EV 104.4 MPH)
|
|
Batting: RHB Jon Pierce
|
0-0: Ball 1-0: Ball 2-0: Ball 3-0: Base on Balls
|
|
Batting: SHB Adam Slade
|
0-0: Ball 1-0: Ball Balk! Jon Pierce to second 2-0: Called Strike 2-1: Foul Ball, location: 2F 2-2: Foul Ball, location: 2F 2-2: 2-RUN HOME RUN (Flyball, 9D, EV 93.8 MPH), Distance : 370 ft
|
|
Batting: RHB Matt Thompson
|
0-0: Ball 1-0: Called Strike 1-1: Ball 2-1: Swinging Strike 2-2: Strikes out swinging
|
|
Batting: RHB Jesus Ruiz
|
0-0: Called Strike 0-1: Foul Ball, location: 2F 0-2: Ball 1-2: Ball 2-2: Ball 3-2: Foul Ball, location: 2F 3-2: DOUBLE (Line Drive, 78D, EV 106.9 MPH)
|
|
Batting: RHB Daniel Underhay
|
0-0: Swinging Strike 0-1: Swinging Strike 0-2: Strikes out swinging
|
| Top of the 3rd over - 2 runs, 2 hits, 0 errors, 1 left on base; Staten Island 3 - Hudson Valley 3 |
| BOTTOM OF THE 3RD |
|
Hudson Valley Renegades batting - Pitching for Staten Island Yankees : RHP Ben Cunningham
|
|
Batting: SHB Josif Popovski
|
0-0: Foul Ball, location: 2F 0-1: Ball 1-1: Ball 2-1: Swinging Strike 2-2: SINGLE (Groundball, 6M, EV 96.9 MPH) (infield hit)
|
|
Batting: LHB Jonathan Spino
|
0-0: Called Strike 0-1: Foul Ball, location: 2F 0-2: Ball 1-2: Strikes out swinging
|
|
Batting: LHB Helmut Steggall
|
0-0: Ball Josif Popovski steals 2nd base 1-0: Ball 2-0: Swinging Strike 2-1: Ball 3-1: Swinging Strike 3-2: Foul Ball, location: 2F 3-2: SINGLE (Line Drive, 56D, EV 105.0 MPH) Josif Popovski to third Runner from 3rd tries for Home, throw by LF and OUT! 7-2
|
|
Batting: RHB Jon Gonzales
|
0-0: Swinging Strike 0-1: Ball 1-1: Swinging Strike 1-2: Ball 2-2: Foul Ball, location: 2F 2-2: Strikes out swinging
|
| Bottom of the 3rd over - 0 runs, 2 hits, 0 errors, 1 left on base; Staten Island 3 - Hudson Valley 3 |
| TOP OF THE 4TH |
|
Staten Island Yankees batting - Pitching for Hudson Valley Renegades : RHP Adam Householder
|
|
Batting: LHB Danny de Leon
|
0-0: Called Strike 0-1: Ground out 6-3 (Groundball, 6D, EV 103.8 MPH)
|
|
Batting: RHB Norimoto Miyanishi
|
0-0: Swinging Strike 0-1: Ground out 5-3 (Groundball, 56, EV 101.9 MPH)
|
|
Batting: LHB Dario Segura
|
0-0: Fly out, F9 (Flyball, 9D, EV 100.6 MPH)
|
| Top of the 4th over - 0 runs, 0 hits, 0 errors, 0 left on base; Staten Island 3 - Hudson Valley 3 |
| BOTTOM OF THE 4TH |
|
Hudson Valley Renegades batting - Pitching for Staten Island Yankees : RHP Ben Cunningham
|
|
Batting: RHB Alex Koral
|
0-0: Called Strike 0-1: Ball 1-1: Ball 2-1: Fly out, F7 (Flyball, 7S, EV 94.4 MPH)
|
|
Batting: SHB Joshua Jackson
|
0-0: Ball 1-0: Foul Ball, location: 2F 1-1: SINGLE (Flyball, 34D, EV 88.1 MPH)
|
|
Batting: RHB Joe Hartigan
|
0-0: Ball 1-0: Foul Ball, location: 2F 1-1: Ball 2-1: SINGLE (Groundball, 4D, EV 106.2 MPH) Joshua Jackson to second Joshua Jackson to third
|
|
Batting: RHB Evan Chalarian
|
0-0: Called Strike 0-1: Ball 1-1: Ball 2-1: Ball 3-1: Base on Balls Joe Hartigan to second
|
|
Batting: SHB Chris Lockart
|
0-0: Called Strike 0-1: Ball 1-1: Ball 2-1: Reached on error, E3 (Groundball, 34, EV 90.0 MPH) Joshua Jackson scores Joe Hartigan to third Evan Chalarian to second
|
|
Batting: SHB Josif Popovski
|
0-0: Called Strike 0-1: Ball 1-1: Foul Ball, location: 2F 1-2: Ball 2-2: SINGLE (Line Drive, 6D, EV 107.5 MPH) Joe Hartigan scores Evan Chalarian to third Chris Lockart to second
|
|
Batting: LHB Jonathan Spino
|
0-0: Called Strike 0-1: Ball 1-1: Swinging Strike 1-2: Strikes out swinging
|
|
Batting: LHB Helmut Steggall
|
0-0: Ball 1-0: Foul Ball, location: 2F 1-1: Swinging Strike 1-2: Fly out, F7 (Flyball, 7D, EV 101.9 MPH)
|
| Bottom of the 4th over - 2 runs, 3 hits, 1 error, 3 left on base; Staten Island 3 - Hudson Valley 5 |
| TOP OF THE 5TH |
|
Staten Island Yankees batting - Pitching for Hudson Valley Renegades : RHP Adam Householder
|
|
Batting: SHB Tadaaki Kondo
|
0-0: Called Strike 0-1: Foul Ball, location: 2F 0-2: Ball 1-2: Ball 2-2: Foul Ball, location: 2F 2-2: Foul Ball, location: 2F 2-2: Strikes out looking
|
|
Batting: RHB Jon Pierce
|
0-0: Ball 1-0: Ball 2-0: Ball 3-0: Base on Balls
|
|
Batting: SHB Adam Slade
|
0-0: Ball 1-0: Foul Ball, location: 2F 1-1: SINGLE (Groundball, 4M, EV 94.4 MPH) (infield hit) Jon Pierce to second
|
|
Batting: RHB Matt Thompson
|
0-0: Called Strike 0-1: SINGLE (Groundball, 6MD, EV 97.5 MPH) Jon Pierce to third Adam Slade to second
|
|
Batting: RHB Jesus Ruiz
|
0-0: Ball 1-0: Ball Wild Pitch! Jon Pierce scores Adam Slade to third Matt Thompson to second 2-0: Foul Ball, location: 2F 2-1: Foul Ball, location: 2F 2-2: Hit by Pitch
|
|
Pitching: RHP Takenori Iwata
|
|
|
Batting: RHB Daniel Underhay
|
0-0: Ball 1-0: Ball 2-0: Called Strike 2-1: Foul Ball, location: 2F 2-2: Strikes out swinging
|
|
Batting: LHB Danny de Leon
|
0-0: Called Strike 0-1: Ball 1-1: Ball 2-1: Ball 3-1: Foul Ball, location: 2F 3-2: Strikes out swinging
|
| Top of the 5th over - 1 run, 2 hits, 0 errors, 3 left on base; Staten Island 4 - Hudson Valley 5 |
| BOTTOM OF THE 5TH |
|
Hudson Valley Renegades batting - Pitching for Staten Island Yankees : RHP Ben Cunningham
|
|
Batting: RHB Jon Gonzales
|
0-0: Called Strike 0-1: Ball 1-1: Foul Ball, location: 2F 1-2: Strikes out swinging
|
|
Batting: RHB Alex Koral
|
0-0: Ball 1-0: Foul Ball, location: 2F 1-1: Called Strike 1-2: Foul Ball, location: 2F 1-2: Ball 2-2: Foul Ball, location: 2F 2-2: Foul Ball, location: 2F 2-2: DOUBLE (Groundball, 5L, EV 105.6 MPH)
|
|
Pitching: RHP Nate LaCava
|
|
|
Batting: SHB Joshua Jackson
|
0-0: Called Strike 0-1: Called Strike 0-2: Ball 1-2: Ball 2-2: Strikes out looking
|
|
Batting: RHB Joe Hartigan
|
0-0: Ground out 6-3 (Groundball, 6, EV 88.1 MPH)
|
| Bottom of the 5th over - 0 runs, 1 hit, 0 errors, 1 left on base; Staten Island 4 - Hudson Valley 5 |
| TOP OF THE 6TH |
|
Staten Island Yankees batting - Pitching for Hudson Valley Renegades : RHP Takenori Iwata
|
|
Batting: RHB Norimoto Miyanishi
|
0-0: Called Strike 0-1: Ball 1-1: Swinging Strike 1-2: Ball 2-2: Strikes out swinging
|
|
Batting: LHB Dario Segura
|
0-0: Ball 1-0: SINGLE (Groundball, 34D, EV 93.8 MPH)
|
|
Batting: SHB Tadaaki Kondo
|
0-0: Swinging Strike 0-1: Ball 1-1: Swinging Strike 1-2: Strikes out swinging
|
|
Batting: RHB Jon Pierce
|
Pickoff Throw to First - Out! 1-3
|
| Top of the 6th over - 0 runs, 1 hit, 0 errors, 0 left on base; Staten Island 4 - Hudson Valley 5 |
| BOTTOM OF THE 6TH |
|
Hudson Valley Renegades batting - Pitching for Staten Island Yankees : RHP Nate LaCava
|
|
Batting: RHB Evan Chalarian
|
0-0: Hit by Pitch
|
|
Batting: SHB Chris Lockart
|
0-0: Called Strike Evan Chalarian steals 2nd base 0-1: Foul Ball, location: 2F 0-2: Ball 1-2: Ball 2-2: Foul Ball, location: 2F 2-2: Ball 3-2: Base on Balls
|
|
Batting: SHB Josif Popovski
|
0-0: Reached on error, E6 (Groundball, 6, EV 103.8 MPH) Evan Chalarian to third Chris Lockart to second
|
|
Batting: LHB Jonathan Spino
|
0-0: Called Strike 0-1: Ball 1-1: Ball 2-1: Foul Ball, location: 2F 2-2: Foul Ball, location: 2F 2-2: Fly out, F9 (Flyball, 9LM, EV 91.9 MPH) Runner from 3rd tags up, SCORES, throw by RF Chris Lockart to third
|
|
Pitching: RHP Gary Salazar
|
|
|
Batting: LHB Helmut Steggall
|
0-0: Ball 1-0: Called Strike Josif Popovski steals 2nd base (no throw) 1-1: Fly out, F9 (Flyball, 9S, EV 86.9 MPH)
|
|
Batting: RHB Jon Gonzales
|
0-0: Ball Wild Pitch! Chris Lockart scores Josif Popovski to third 1-0: Ball 2-0: Called Strike 2-1: Ball 3-1: Base on Balls
|
|
Batting: RHB Alex Koral
|
0-0: Ball 1-0: Ball 2-0: Called Strike 2-1: Ground out 5-3 (Groundball, 5S, EV 68.8 MPH)
|
| Bottom of the 6th over - 2 runs, 0 hits, 1 error, 2 left on base; Staten Island 4 - Hudson Valley 7 |
| TOP OF THE 7TH |
|
Staten Island Yankees batting - Pitching for Hudson Valley Renegades : RHP Takenori Iwata
|
|
Batting: RHB Jon Pierce
|
0-0: Ball 1-0: Called Strike 1-1: Foul Ball, location: 2F 1-2: Ball 2-2: DOUBLE (Flyball, 8LXD, EV 106.2 MPH)
|
|
Batting: SHB Adam Slade
|
0-0: SINGLE (Groundball, 4MD, EV 107.5 MPH) Jon Pierce to third
|
|
Batting: RHB Matt Thompson
|
0-0: Called Strike 0-1: Swinging Strike 0-2: Foul Ball, location: 2F 0-2: Ball Passed Ball! Jon Pierce scores Adam Slade to second 1-2: Strikes out swinging
|
|
Batting: RHB Jesus Ruiz
|
0-0: Foul Ball, location: 2F 0-1: Ball 1-1: SINGLE (Line Drive, 56D, EV 100.0 MPH) Adam Slade to third
|
|
Batting: RHB Daniel Underhay
|
0-0: Grounds into double play, 6-4-3 (Groundball, 6, EV 91.9 MPH)
|
| Top of the 7th over - 1 run, 3 hits, 0 errors, 1 left on base; Staten Island 5 - Hudson Valley 7 |
| BOTTOM OF THE 7TH |
|
Hudson Valley Renegades batting - Pitching for Staten Island Yankees : RHP Gary Salazar
|
|
Batting: SHB Joshua Jackson
|
0-0: Swinging Strike 0-1: Ball 1-1: Ball 2-1: Foul Ball, location: 2F 2-2: Ball 3-2: Base on Balls
|
|
Pitching: RHP Andrew Ray
|
|
|
Batting: RHB Joe Hartigan
|
0-0: Foul Ball, location: 2F 0-1: SINGLE (Groundball, 4M, EV 103.1 MPH) Joshua Jackson to second
|
|
Batting: RHB Evan Chalarian
|
0-0: Called Strike 0-1: SINGLE (Groundball, 56S, EV 73.8 MPH) (infield hit) Joshua Jackson to third Joe Hartigan to second
|
|
Batting: SHB Chris Lockart
|
0-0: Swinging Strike 0-1: Ball 1-1: Ball 2-1: Foul Ball, location: 2F 2-2: Ball 3-2: Foul Ball, location: 2F 3-2: Base on Balls Joshua Jackson scores Joe Hartigan to third Evan Chalarian to second
|
|
Batting: SHB Josif Popovski
|
0-0: Ball 1-0: SINGLE (Groundball, 34D, EV 103.8 MPH) Joe Hartigan scores Evan Chalarian to third Chris Lockart to second
|
|
Batting: LHB Jonathan Spino
|
0-0: Ball 1-0: Called Strike 1-1: Foul Ball, location: 2F 1-2: Ball 2-2: Ball 3-2: Strikes out swinging
|
|
Pitching: LHP Loo Lei
|
|
|
Batting: LHB Helmut Steggall
|
0-0: Called Strike 0-1: Ball 1-1: Swinging Strike 1-2: Ball 2-2: GRAND SLAM HOME RUN (Flyball, 9D, EV 95.6 MPH), Distance : 369 ft
|
|
Batting: RHB Jon Gonzales
|
0-0: SINGLE (Groundball, 4MD, EV 99.4 MPH)
|
|
Pinch Hitting: RHB Jeremy Whitehurst
|
0-0: Foul Ball, location: 2F 0-1: Ball 1-1: Ball 2-1: Foul Ball, location: 2F 2-2: Foul Ball, location: 2F 2-2: Ball 3-2: Strikes out swinging
|
|
Batting: SHB Joshua Jackson
|
0-0: Ball 1-0: Ball 2-0: Ball 3-0: Base on Balls Jon Gonzales to second
|
|
Batting: RHB Joe Hartigan
|
0-0: Ball Passed Ball! Jon Gonzales to third Joshua Jackson to second 1-0: Foul Ball, location: 2F 1-1: Ball Wild Pitch! Jon Gonzales scores Joshua Jackson to third 2-1: Swinging Strike 2-2: Ball 3-2: Foul Ball, location: 2F 3-2: Foul Ball, location: 2F 3-2: Base on Balls
|
|
Batting: RHB Evan Chalarian
|
0-0: Called Strike 0-1: Ball 1-1: Ball 2-1: Ball 3-1: Base on Balls Joe Hartigan to second
|
|
Batting: SHB Chris Lockart
|
0-0: Ball 1-0: SINGLE (Groundball, 56S, EV 67.5 MPH) (infield hit) Joshua Jackson scores Joe Hartigan to third Evan Chalarian to second
|
|
Pitching: RHP Francisco Rosado
|
|
|
Batting: SHB Josif Popovski
|
0-0: Foul Ball, location: 2F 0-1: Called Strike 0-2: Ball Wild Pitch! Joe Hartigan scores Evan Chalarian to third Chris Lockart to second 1-2: Ground out U3 (Groundball, 3S, EV 78.8 MPH)
|
| Bottom of the 7th over - 9 runs, 6 hits, 0 errors, 2 left on base; Staten Island 5 - Hudson Valley 16 |
| TOP OF THE 8TH |
|
Staten Island Yankees batting - Pitching for Hudson Valley Renegades : RHP Takenori Iwata
|
|
Now at 1B: Jeremy Whitehurst
|
|
|
Batting: LHB Danny de Leon
|
0-0: Called Strike 0-1: Called Strike 0-2: Strikes out looking
|
|
Pinch Hitting: LHB Mike Schermerhorn
|
0-0: Called Strike 0-1: Foul Ball, location: 2F 0-2: Ball 1-2: Strikes out swinging
|
|
Batting: LHB Dario Segura
|
0-0: Ground out U3 (Groundball, 34, EV 93.1 MPH)
|
| Top of the 8th over - 0 runs, 0 hits, 0 errors, 0 left on base; Staten Island 5 - Hudson Valley 16 |
| BOTTOM OF THE 8TH |
|
Hudson Valley Renegades batting - Pitching for Staten Island Yankees : RHP Francisco Rosado
|
|
Now in CF: Mike Schermerhorn
|
|
|
Batting: LHB Jonathan Spino
|
0-0: Ball 1-0: Foul Ball, location: 2F 1-1: Ball 2-1: Ground out 6-3 (Groundball, 6, EV 105.0 MPH)
|
|
Batting: LHB Helmut Steggall
|
0-0: Ball 1-0: Ball 2-0: Ball 3-0: Called Strike 3-1: Base on Balls
|
|
Batting: RHB Jon Gonzales
|
0-0: Called Strike 0-1: Ball 1-1: Fly out, F6 (Popup, 4MD, EV 68.1 MPH)
|
|
Pinch Hitting: RHB Greg Grayson
|
0-0: Called Strike 0-1: Fly out, F7 (Flyball, 7S, EV 97.5 MPH)
|
| Bottom of the 8th over - 0 runs, 0 hits, 0 errors, 1 left on base; Staten Island 5 - Hudson Valley 16 |
| TOP OF THE 9TH |
|
Staten Island Yankees batting - Pitching for Hudson Valley Renegades : RHP Takenori Iwata
|
|
Now at 1B: Alex Genao
|
|
|
Pinch Hitting: RHB Brad Wren
|
0-0: Ball 1-0: Called Strike 1-1: Swinging Strike 1-2: Foul Ball, location: 2F 1-2: Strikes out swinging
|
|
Batting: RHB Jon Pierce
|
0-0: Called Strike 0-1: Ball 1-1: Ball 2-1: Foul Ball, location: 2F 2-2: SINGLE (Groundball, 4D, EV 94.4 MPH)
|
|
Pitching: RHP Jesus Elizondo
|
|
|
Batting: SHB Adam Slade
|
0-0: Foul Ball, location: 2F 0-1: Swinging Strike 0-2: Ball 1-2: Foul Ball, location: 2F 1-2: Ball 2-2: Foul Ball, location: 2F 2-2: Ball 3-2: Base on Balls Jon Pierce to second
|
|
Batting: RHB Matt Thompson
|
0-0: Ball 1-0: Ball 2-0: Foul Ball, location: 2F 2-1: SINGLE (Groundball, 4M, EV 88.8 MPH) (infield hit) Jon Pierce to third Adam Slade to second
|
|
Batting: RHB Jesus Ruiz
|
0-0: Called Strike 0-1: Grounds into double play, 6-4-3 (Groundball, 56D, EV 92.5 MPH)
|
| Top of the 9th over - 0 runs, 2 hits, 0 errors, 2 left on base; Staten Island 5 - Hudson Valley 16 |
|